 Dungeon Crawl Stone Soup version 0.23.2-1-ga50397a (webtiles) character file.

Game seed: 18043263692982387252

134 Borgoz the Cudgeler (level 5, 0/46 HPs)
             Began as a Hill Orc Gladiator on May 16, 2019.
             Slain by Grinder (5 damage)
             ... while paralysed by Grinder
             ... on level 3 of the Dungeon.
             The game lasted 00:03:09 (2298 turns).

Borgoz the Cudgeler (Hill Orc Gladiator)            Turns: 2298, Time: 00:03:10

Health: 0/46       AC: 11    Str: 17    XL:     5   Next: 17%
Magic:  0/5        EV:  2    Int:  8    God:
Gold:   195        SH:  0    Dex: 13    Spells: 4/4 levels left

rFire    + . .     SeeInvis .   a - +0 flail
rCold    + . .     Gourm    .   (no shield)
rNeg     . . .     Faith    .   n - +0 plate armour
rPois    +         Spirit   +   c - +0 helmet
rElec    +         Reflect  +   h - scarf {Spirit}
rCorr    +         Harm     .   (no gloves)
MR       .....                  (no boots)
Stlth    ..........             k - +3 amulet of reflection
HPRegen  0.15/turn              (no ring)
MPRegen  0.09/turn              (no ring)

@: paralysed, resistant
A: no striking features
a: no special abilities


You were on level 3 of the Dungeon.
You were hungry.

You visited 1 branch of the dungeon, and saw 3 of its levels.

You collected 195 gold pieces.

Inventory:

Hand Weapons
 a - a +0 flail (weapon)
Missiles
 d - 3 throwing nets (quivered)
Armour
 c - a +0 helmet (worn)
 h - a scarf of spirit shield (worn)
 n - a +0 plate armour (worn)
Jewellery
 k - a +3 amulet of reflection (around neck)
Scrolls
 b - a scroll of blinking {unknown}
 e - 2 scrolls of enchant armour {unknown}
 g - 4 scrolls of identify {unknown}
 j - 2 scrolls of amnesia {unknown}
 l - a scroll of remove curse {unknown}
 o - a scroll of immolation {unknown}
 p - 2 scrolls of teleportation {unknown}
Potions
 i - a potion of flight
 q - 2 potions of heal wounds
 r - a potion of resistance
Comestibles
 f - 3 rations
 m - a chunk of flesh


   Skills:
 + Level 3.7 Fighting
 + Level 4.2 Maces & Flails
 + Level 2.7 Throwing
 + Level 3.2 Dodging


You had 4 spell levels left.
You didn't know any spells.
Your spell library was empty.

Dungeon Overview and Level Annotations

Branches:
Dungeon (3/15)

Altars:
Cheibriados
Fedhas
Gozag
Makhleb
Trog

Annotations:
D:3 Grinder


Message History

Grinder hits you but does no damage.
You hit Grinder.
Grinder is heavily wounded.
Grinder hits you but does no damage. Grinder gestures at you.
You barely resist. You hit Grinder.
Grinder is severely wounded.
Grinder hits you!
You hit Grinder.
Grinder is severely wounded.
Grinder gestures at you.
You suddenly lose the ability to move!
Grinder hits you.
* * * LOW HITPOINT WARNING * * *
Grinder hits you but does no damage. Grinder hits you!
* * * LOW HITPOINT WARNING * * *
You writhe in agony.
You die...

#....# #....#
#....####
###.......#
#.......#.##
...##.#.....#..#+#
...............>.
..#.#.....#.... #
#.#.#...@.#.....
##.#.#.#†?..5#..#.#
..................#
........#####.....#
........#####.....#
............#.....#
..................#
##.........÷......#
#.#.#'######.....#


You could see Grinder.

Vanquished Creatures
  A centaur skeleton (D:3)
  3 adders
  4 gnolls (D:3)
  A worm (D:3)
  A dart slug (D:1)
  A leopard gecko (D:1)
  An orc (D:3)
  6 bats
  5 hobgoblins
  A quokka (D:3)
  2 frilled lizards
  3 goblins (D:1)
  5 kobolds
  8 rats
42 creatures vanquished.

Notes
Turn   | Place    | Note
-------+----------+-------------------------------------------
     0 | D:1      | Borgoz the Hill Orc Gladiator began the quest for the Orb.
     0 | D:1      | Reached XP level 1. HP: 18/18 MP: 1/1
   377 | D:1      | Reached XP level 2. HP: 22/25 MP: 2/2
   989 | D:2      | Reached XP level 3. HP: 20/31 MP: 1/3
  1381 | D:2      | Found a snail-covered altar of Cheibriados.
  1384 | D:2      | Found an opulent altar of Gozag.
  1384 | D:2      | Found a blossoming altar of Fedhas.
  1387 | D:2      | Found a bloodstained altar of Trog.
  1470 | D:3      | Reached XP level 4. HP: 32/38 MP: 2/4
  1516 | D:3      | Reached skill level 4 in Maces & Flails
  1634 | D:3      | HP: 1/38 [gnoll (5)]
  1965 | D:3      | Reached XP level 5. HP: 44/45 MP: 5/5
  2095 | D:3      | Found a burning altar of Makhleb.
  2254 | D:3      | Noticed Grinder
  2259 | D:3      | Paralysed by Grinder for 5 turns
  2273 | D:3      | Paralysed by Grinder for 2 turns
  2282 | D:3      | Paralysed by Grinder for 7 turns
  2295 | D:3      | Paralysed by Grinder for 4 turns
  2298 | D:3      | Slain by Grinder

Skill      XL: |  1  2  3  4 |
---------------+-------------+-----
Throwing       | 2 |  2.7
Fighting       | 3 |  3.7
Dodging        | 3 |  3.2
Maces & Flails | 4 |  4.2

Action                   |  1- 3 |  4- 6 || total
-------------------------+-------+-------++-------
Melee: Flail             |    95 |    84 ||   179
Throw: Throwing net      |       |     1 ||     1
  Use: Potion            |     1 |     4 ||     5
  Eat: Chunk             |     2 |     2 ||     4
Armor: Leather armour    |    27 |       ||    27
       Plate armour      |    18 |    52 ||    70
Dodge: Dodged            |    76 |    23 ||    99
Block: Other             |    12 |    11 ||    23
